 Dungeon Crawl Stone Soup version 0.31-a0-955-gcb8bc90ed4 (webtiles) character file.

Game seed: 15859400442042448577

162851 BinkBink the Executioner (level 16, -10/135 HPs)
             Began as a Minotaur Fighter on Oct 22, 2023.
             Was the Champion of Jiyva.
             Mangled by a nagaraja
             ... wielding a +0 spear
              (19 damage)
             ... on level 4 of the Snake Pit.
             The game lasted 00:46:03 (24803 turns).

BinkBink the Executioner (Minotaur Fighter)        Turns: 24803, Time: 00:46:04

Health: -10/135    AC: 24    Str: 29    XL:     16   Next: 97%
Magic:  15/15      EV: 21    Int: 11    God:    Jiyva [******]
Gold:   1572       SH: 23    Dex: 21    Spells: 15/15 levels left

rFire   . . .        V - +7 war axe of Jaluoss {vamp, *Rage rF+ SInv}
rCold   + . .        d - +2 tower shield
rNeg    + + .        o - +0 acid dragon scales
rPois   +            (helmet restricted)
rElec   .            h - +2 cloak of the Sacrificial Victim {rPois}
rCorr   +            O - +0 pair of gloves "Bewkoig" {+Inv rF- rN++ Dex+3}
SInv    +            E - +2 pair of boots {rampage}
Will    ++...        q - amulet of the acrobat
Stlth   ++           c - ring of Piliw {rCorr Str+3 Int+2}
HPRegen 2.02/turn    U - ring of Dine {rPois rC+ rCorr Dex+5}
MPRegen 0.64/turn

%: random rage (20%), acrobat, rampage
@: lethally poisoned (-10 -> -26), marked, weakened, on berserk cooldown,
slowed, constricted, very slow
A: horns 2, retaliatory headbutt, claws 2, talons 2, iridescent scales 1, thin
skeletal structure 1, clever 1, frail 1, strong-willed 1, eyeballs 2, gelatinous
body 3, tendrils, jelly sensing items
}: 1/15 runes: slimy
a: Renounce Religion, Evoke Invisibility, Oozemancy, Slimify


You were on level 4 of the Snake Pit.
You worshipped Jiyva.
Jiyva was exalted by your worship.
You visited 5 branches of the dungeon, and saw 31 of its levels.
You visited the Abyss 1 time.
You also visited: Sewer, Ice Cave and Volcano.

You collected 1799 gold pieces.
You spent 227 gold pieces at shops.

Inventory:

Hand Weapons
 u - a +3 war axe of chaos
 V - the +7 war axe of Jaluoss (weapon) {vamp, *Rage rF+ SInv}
   (You found it on level 5 of the Pits of Slime)

   rF+:       It protects you from fire.
   SInv:      It lets you see invisible.
   *Rage:     It berserks you when you make melee attacks (+20% chance).
Armour
 d - a +2 tower shield (worn)
 h - the +2 cloak of the Sacrificial Victim (worn) {rPois}
   (You acquired it on level 5 of the Dungeon)

   rPois:     It protects you from poison
 o - +0 acid dragon scales (worn)
 B - a scarf of repulsion
 E - a +2 pair of boots of rampaging (worn)
 O - the +0 pair of gloves "Bewkoig" (worn) {+Inv rF- rN++ Dex+3}
   (You found it on level 5 of the Pits of Slime)

   Dex+3:     It affects your dexterity (+3).
   rF-:       It makes you vulnerable to fire.
   rN++:      It greatly protects you from negative energy.
   +Inv:      It lets you turn invisible.
Jewellery
 c - the ring of Piliw (left hand) {rCorr Str+3 Int+2}
   (You found it on level 5 of the Pits of Slime)

   [ring of resist corrosion]

   Str+3:     It affects your strength (+3).
   Int+2:     It affects your intelligence (+2).
   rCorr:     It protects you from acid and corrosion.
 k - a ring of wizardry
 p - a ring of fire
 q - an amulet of the acrobat (around neck)
 y - a ring of positive energy
 H - a +4 ring of protection
 M - an amulet of faith
 R - a ring of fire
 U - the ring of Dine (right hand) {rPois rC+ rCorr Dex+5}
   (You found it on level 5 of the Pits of Slime)

   [ring of poison resistance]

   Dex+5:     It affects your dexterity (+5).
   rC+:       It protects you from cold.
   rPois:     It protects you from poison rCorr: It protects you from acid and
   corrosion.
Wands
 n - a wand of flame (22)
 t - a wand of mindburst (6)
 D - a wand of quicksilver (22)
 G - a wand of iceblast (7)
 J - a wand of charming (12)
 Q - a wand of digging (6)
 T - a wand of polymorph (7)
Scrolls
 a - 3 scrolls of immolation
 i - 6 scrolls of teleportation
 r - 2 scrolls of enchant armour
 A - 2 scrolls of fear
 I - 3 scrolls of vulnerability
 K - 3 scrolls of fog
 L - 3 scrolls of revelation
 P - 2 scrolls of poison
 W - a scroll of amnesia
Potions
 b - 3 potions of resistance
 e - 3 potions of enlightenment
 f - 3 potions of lignification
 g - a potion of ambrosia {unknown}
 j - 2 potions of cancellation
 l - 3 potions of haste
 m - 3 potions of attraction
 s - 6 potions of curing
 v - 4 potions of mutation
 w - 3 potions of brilliance
 x - 2 potions of magic {unknown}
 C - a potion of berserk rage {unknown}


   Skills:
 + Level 15.9 Fighting
 * Level 21.4 Axes
 + Level 15.9 Armour
 + Level 13.8 Dodging
 + Level 15.5 Shields


You had 15 spell levels left.
You didn't know any spells.
Your spell library contained the following spells:

 Spells                   Type           Power      Damage    Failure   Level
 Magic Dart               Conj           0%         1d3       63%         1
 Cigotuvi's Dreadful Rot  Necr/Pois/Air  0%         N/A       77%         2
 Hailstorm                Conj/Ice       0%         3d3       94%         3
 Ozocubu's Armour         Ice            0%         N/A       94%         3
 Dispel Undead            Necr           0%         3d6       100%        4
 Borgnjor's Vile Clutch   Necr/Erth      0%         N/A       100%        5
 Metabolic Englaciation   Hex/Ice        0%         N/A       100%        5
 Summon Forest            Summ/Tloc      0%         N/A       100%        5
 Summon Mana Viper        Hex/Summ       0%         N/A       100%        5
 Death Channel            Necr           0%         N/A       100%        6
 Simulacrum               Ice/Necr       0%         N/A       100%        6
 Summon Cactus Giant      Summ           0%         N/A       100%        6
 Dragon's Call            Summ           0%         N/A       100%        9


Dungeon Overview and Level Annotations

Branches:
Dungeon (15/15)            Temple (0/1) D:5            Lair (5/5) D:9
 Shoals (0/4) Lair:3        Snake (4/4) Lair:3        Slime (5/5) Lair:4
    Orc (2/2) D:12            Elf (0/3) Orc:2        Vaults (0/5) D:14
 Depths (0/4) D:15          Sewer (visited)           IceCv (visited)
Volcano (visited)

Altars:
Ashenzari
Dithmenos
Gozag
Makhleb
Nemelex Xobeh
Ru
Vehumet
Wu Jian
Zin
Jiyva

Shops:
D:8 [:[(   Orc:2 ?*:([   Snake:1 :**   Snake:3 [   Snake:4 [==:

Annotations:
D:1 2 transporters
D:5 1 runed translucent door, nms23's ghost, amateur DsCj
Lair:4 1 runed translucent door
Snake:3 Kirke
Slime:5 Royal Jelly


Innate Abilities, Weirdness & Mutations

You have a pair of horns on your head.
You reflexively headbutt those who attack you in melee.
You have very sharp fingernails.
You have razor-sharp toenails.
You are partially covered in iridescent scales. (AC +2)
You have a somewhat thin skeletal structure. (Dex +2, Stealth+)
Your mind is acute. (Int +4, Str/Dex -1)
You are frail. (-10% HP)
You are strong-willed. (Will+)
Your body has grown many eyes which may confuse attackers. (Acc +5)
Your gelatinous body deflects attacks. (AC +3, EV +3)
You are covered in slimy tendrils that may disarm your opponents.
You have a small jelly attached to you that senses nearby items.


Message History

The nagaraja constricts you.
The black mamba bites you but does no damage.
The nagaraja misses you. The nagaraja completely misses you.
You furiously retaliate!
You headbutt the nagaraja!
You hear a distant slurping noise.
You hear a squelching noise.
The nagaraja misses you.
The naga hits you from afar with a +0 glaive!!
* * * LOW HITPOINT WARNING * * *
You hear a distant slurping noise.
A naga warrior comes into view.
It is wielding a +0 war axe and wearing a +1 kite shield of reflection.
You feel much better.
You feel very sick. The black mamba closely misses you.
You furiously retaliate!
You headbutt the black mamba!
You kill the black mamba!
The nagaraja spits poison at you.
The splash of poison hits you but does no damage.
You are more poisoned.
You resist. The nagaraja constricts you. You block the nagaraja's attack.
Your tendrils lash around the nagaraja's +0 whip and pull it to the ground!
The nagaraja spits poison at you. The splash of poison misses you.
You block the nagaraja's attack. You block the naga's attack.
The eyeballs on your body gaze at the naga.
The nagaraja casts a spell at you. The bolt of poison hits you! You resist.
* * * LOW HITPOINT WARNING * * *
The bolt of poison hits the naga!
The nagaraja constricts you.
You hear a distant slurping noise.
The nagaraja hits you!!
* * * LOW HITPOINT WARNING * * *
You block the nagaraja's attack. The nagaraja casts a spell at you.
The poison arrow hits you.
You are lethally poisoned!
You partially resist.
* * * LOW HITPOINT WARNING * * *
The naga barely misses you.
The nagaraja hits you from afar with a +0 spear!!
You die...

......................
......######......####
####### #......#
#...)..# #..#...#
#...)..#
###....N.#####.
.......))........
........N@N.#....
.......NNNN.# ...
........NN....^.
#####..N...#####
#...N..# #......#
#...#..# #N.....#


You could see 5 nagarajas, 2 naga warriors, a naga sharpshooter (strong) and 4
nagas.

Vanquished Creatures
  Vashnia (Snake:3)
  A tentacled starspawn (Abyss:2)
  Aizul (Snake:3)
  3 nagarajas
  A revenant (Abyss:2)
  Louise (Snake:4)
  3 very ugly things
  A lorocyproca (Abyss:2)
  Nessos (D:13)
  Azrael (D:13)
  A rakshasa (Abyss:2)
  A caustic shrike simulacrum (IceCv)
  Erolcha (D:10)
  2 salamander tyrants (Snake:4)
  4 hydras
  3 centaur warriors (D:13)
  9 two-headed ogres
  5 anacondas
  2 dancing weapons (D:14)
  An ogre mage (D:13)
  8 naga warriors
  2 tengu warriors (D:14)
  5 boulder beetles
  3 death yaks
  7 orc high priests (Orc:2)
  An occultist (D:15)
  20 naga sharpshooters
  9 shock serpents
  4 skysharks
  Amaemon (Lair:2)
  A salamander mystic (Snake:4)
  A naga ritualist (Snake:4)
  2 orange crystal statues (IceCv)
  2 deep elf pyromancers (D:14)
  6 starcursed masses
  Pikel (D:8)
  3 mana vipers
  2 orc sorcerers
  16 ugly things
  An oklob plant (Orc:1)
  6 salamanders
  2 cyclopes
  3 manticores
  A guardian serpent (shapeshifter) (D:12)
  A worldbinder (Abyss:2)
  7 elephants
  A merfolk siren (Lair:3)
  A smoke demon (Volcano)
  A guardian serpent (Snake:3)
  17 cane toads
  12 naga magi
  An orange demon (Lair:2)
  26 black mambas
  2 torpor snails
  2 rime drakes
  An unseen horror (D:12)
  4 anaconda simulacra (IceCv)
  5 kobold demonologists
  3 efreet
  5 freezing wraiths
  Jeremiah (D:7)
  10 komodo dragons
  2 tengu conjurers (D:13)
  2 ancient zymes (Abyss:2)
  A golden dragon simulacrum (IceCv)
  3 trolls
  3 red devils (Volcano)
  A troll (shapeshifter) (D:14)
  2 ice devils (Abyss:2)
  A wolf spider simulacrum (D:15)
  An alligator simulacrum (IceCv)
  2 polar bears (D:15)
  3 merfolk (Lair:3)
  A hornet (D:9)
  22 blink frogs
  2 tyrant leeches (Lair:5)
  A raiju (Abyss:2)
  5 dream sheep (Lair:3)
  A hellwing (Abyss:2)
  Grinder (D:3)
  A blink frog (shapeshifter) (D:13)
  A centaur simulacrum (D:15)
  A culicivora (shapeshifter) (D:15)
  3 dire elephant simulacra (IceCv)
  A ynoxinul (Abyss:2)
  3 wyverns
  2 hogs (Snake:3)
  4 fire elementals (D:13)
  2 large abominations (Abyss:2)
  53 yaks
  2 wraiths
  3 basilisks
  4 fire bats (Abyss:2)
  2 neqoxecs (Abyss:2)
  A steam dragon (D:6)
  3 chaos spawn (Abyss:2)
  6 vampire mosquitoes
  3 wargs
  42 nagas
  3 acid dragons
  3 harpy simulacra (IceCv)
  A hydra simulacrum (IceCv)
  A naga skeleton (Abyss:2)
  6 water moccasins
  2 hell hounds
  A meliai simulacrum (D:15)
  3 ice beasts (D:15)
  13 orc warriors
  3 ettin simulacra (IceCv)
  4 black bears
  4 boggarts (Lair:4)
  9 centaurs
  6 ogres
  17 wolves
  A phantom (D:5)
  4 kobold brigands
  5 gnoll sergeants
  12 bullfrogs
  4 scorpions
  9 wights
  2 howler monkeys
  2 electric eels (Lair:5)
  2 jellies (Sewer)
  2 hounds
  35 orc priests
  Ijyb (D:3)
  13 orc wizards
  5 hell rats (Lair:5)
  29 gnolls
  A river rat (D:4)
  6 adders
  2 shadow imps (D:6)
  4 white imps
  4 ufetubi
  3 worms
  4 dart slugs
  59 orcs
  8 ball pythons
  4 bats
  5 endoplasms
  5 giant cockroaches
  5 goblins
  A hobgoblin (D:3)
  6 jackals
  2 quokkas
  8 frilled lizards
  19 kobolds
  14 rats
803 creatures vanquished.

Vanquished Creatures (collateral kills)
  An orc knight (D:15)
  A cyclops (D:12)
  A gnoll sergeant (D:12)
  A gnoll (D:12)
4 creatures vanquished.

Vanquished Creatures (others)
  A boulder beetle (D:12)
  A glowing orange brain (D:15)
  A deep elf pyromancer (D:15)
  4 ugly things (D:15)
  A cyclops (D:12)
  A gargoyle (D:12)
  A komodo dragon (shapeshifter) (D:14)
  A yaktaur (shapeshifter) (D:15)
  A troll (D:12)
  An alligator simulacrum (IceCv)
  A polar bear (D:15)
  A dream sheep (Lair:3)
  15 slime creatures
  A ynoxinul (Abyss:2)
  A golden eye (Abyss:2)
  A naga (Snake:4)
  A water moccasin (Lair:5)
  A wolf (D:15)
  A centaur (D:12)
  3 bullfrogs
  130 jellies
  A quasit (Abyss:2)
  2 orc priests (Orc:2)
  An orc wizard (D:6)
  An adder (D:6)
  A shadow imp (Abyss:2)
  3 white imps
  6 orcs
  2 kobolds
  3 starspawn tentacles (Abyss:2)
189 creatures vanquished.

Grand Total: 996 creatures vanquished

Notes
Turn   | Place    | Note
-------+----------+-------------------------------------------
     0 | D:1      | BinkBink the Minotaur Fighter began the quest for the Orb.
     0 | D:1      | Reached XP level 1. HP: 19/19 MP: 0/0
   188 | D:1      | Reached XP level 2. HP: 27/27 MP: 1/1
   196 | D:1      | Reached skill level 3 in Axes
   298 | D:1      | You fall into a shaft and drop 1 floor!
   508 | D:2      | Reached XP level 3. HP: 33/33 MP: 2/2
  1073 | D:2      | Reached skill level 1 in Dodging
  1114 | D:3      | Noticed a black bear
  1125 | D:3      | Killed a black bear
  1126 | D:3      | Reached skill level 4 in Axes
  1126 | D:3      | Reached XP level 4. HP: 22/41 MP: 3/3
  1350 | D:3      | Reached XP level 5. HP: 47/47 MP: 4/4
  1758 | D:3      | Noticed Grinder
  1766 | D:3      | Killed Grinder
  1767 | D:3      | Reached skill level 5 in Axes
  1767 | D:3      | Reached XP level 6. HP: 32/55 MP: 5/5
  1862 | D:3      | Noticed Ijyb
  1874 | D:3      | Killed Ijyb
  2284 | D:4      | Reached skill level 5 in Fighting
  2346 | D:4      | Reached skill level 5 in Armour
  2396 | D:4      | Found a glowing drain.
  2406 | Sewer    | Entered a sewer
  2471 | Sewer    | Reached skill level 5 in Shields
  2507 | Sewer    | Reached XP level 7. HP: 51/61 MP: 6/6
  2540 | Sewer    | Found a viscous altar of Jiyva.
  2561 | Sewer    | Became a worshipper of Jiyva Jovuegg the Shapeless
  2727 | D:4      | Found an ornate altar of the Wu Jian Council.
  2850 | D:4      | Found a broken altar of Ashenzari.
  2961 | D:5      | Entered Level 5 of the Dungeon
  3005 | D:5      | Reached * piety under Jiyva
  3048 | D:5      | Reached skill level 6 in Axes
  3151 | D:5      | Found a staircase to the Ecumenical Temple.
  3219 | D:5      | Found a runed translucent door.
  3227 | D:5      | Noticed nms23's ghost (amateur DsCj)
  3328 | D:5      | Reached XP level 8. HP: 70/70 MP: 7/7
  3399 | D:5      | Reached skill level 7 in Axes
  3489 | D:5      | Identified a scroll of acquirement
  3489 | D:5      | Acquired the +2 cloak of the Sacrificial Victim {rPois}
  3722 | D:6      | Reached ** piety under Jiyva
  3751 | D:6      | Reached skill level 8 in Axes
  4583 | D:7      | Reached XP level 9. HP: 71/78 MP: 8/8
  4604 | D:7      | Reached *** piety under Jiyva
  4660 | D:7      | Gained mutation: You have a small jelly attached to you
                  | that senses nearby items. [Jiyva's grace]
  4660 | D:7      | Gained mutation: You are partially covered in iridescent
                  | scales. (AC +2) [Jiyva's grace]
  4660 | D:7      | Gained mutation: You are mostly covered in iridescent
                  | scales. (AC +4) [Jiyva's grace]
  4660 | D:7      | Gained mutation: You are completely covered in iridescent
                  | scales. (AC +6) [Jiyva's grace]
  4715 | D:7      | Noticed Jeremiah
  4722 | D:7      | Killed Jeremiah
  4723 | D:7      | Reached skill level 5 in Dodging
  4740 | D:7      | Found a radiant altar of Vehumet.
  4746 | D:7      | Found a sparkling altar of Nemelex Xobeh.
  4852 | D:7      | Reached skill level 9 in Axes
  5016 | D:7      | Found a sacrificial altar of Ru.
  5224 | D:8      | Found Wepne's Armour Shoppe.
  5321 | D:8      | Found Ceubuhas's Antique Weapon Shoppe.
  5409 | D:8      | Noticed a two-headed ogre
  5475 | D:8      | Killed a two-headed ogre
  5476 | D:8      | Reached skill level 10 in Axes
  5546 | D:8      | Reached XP level 10. HP: 88/88 MP: 9/9
  5565 | D:8      | Reached **** piety under Jiyva
  5692 | D:8      | Found Zubyc's Antique Armour Shop.
  5694 | D:8      | Found Ushrieve's Book Boutique.
  5723 | D:8      | Noticed Pikel
  5729 | D:8      | Killed Pikel
  5732 | D:8      | Bought a pair of runed boots for 172 gold pieces
  5900 | D:9      | Found a staircase to the Lair.
  5900 | D:9      | Noticed an elephant
  5918 | D:9      | Reached skill level 11 in Axes
  5972 | D:9      | Killed an elephant
  6219 | D:9      | Found a glowing silver altar of Zin.
  6220 | D:9      | Found a burning altar of Makhleb.
  6221 | D:9      | Noticed an angel
  6223 | D:9      | Noticed an Executioner
  6406 | D:9      | Identified the +3 ring mail "Ecwaucod" {rF+}
  6441 | D:9      | Reached ***** piety under Jiyva
  6606 | D:9      | Gained mutation: Your mind is acute. (Int +4, Str/Dex -1)
                  | [Jiyva's grace]
  6606 | D:9      | Gained mutation: Your mind is very acute. (Int +8, Str/Dex
                  | -2) [Jiyva's grace]
  6606 | D:9      | Gained mutation: Armour fits poorly on your pseudopods.
                  | [Jiyva's grace]
  6606 | D:9      | Gained mutation: Armour fits poorly on your large
                  | pseudopods. [Jiyva's grace]
  6687 | D:10     | Entered Level 10 of the Dungeon
  6731 | D:10     | Found a shadowy altar of Dithmenos.
  6883 | D:10     | Reached skill level 12 in Axes
  6972 | D:10     | Noticed Erolcha
  6978 | D:10     | Killed Erolcha
  6979 | D:10     | Reached XP level 11. HP: 94/97 MP: 10/10
  7763 | D:11     | Noticed a boulder beetle
  7770 | D:11     | Killed a boulder beetle
  7934 | D:11     | HP: 1/97 [ice devil[a kobold demonologist] (12)]
  8038 | D:11     | Reached ****** piety under Jiyva
  8363 | D:12     | Reached skill level 13 in Axes
  8369 | D:12     | Reached skill level 10 in Armour
  8377 | D:12     | Killed a boulder beetle
  8398 | D:12     | Noticed a boulder beetle
  8412 | D:12     | Killed a boulder beetle
  8413 | D:12     | Reached skill level 10 in Fighting
  8434 | D:12     | Found a staircase to the Orcish Mines.
  8535 | D:12     | Lost mutation: Armour fits poorly on your large pseudopods.
                  | [Jiyva's grace]
  8535 | D:12     | Lost mutation: You have a small jelly attached to you that
                  | senses nearby items. [Jiyva's grace]
  8535 | D:12     | Gained mutation: You have a small jelly attached to you
                  | that may absorb projectiles. [Jiyva's grace]
  8535 | D:12     | Gained mutation: Your body has grown eyes which may confuse
                  | attackers. (Acc +3) [Jiyva's grace]
  8535 | D:12     | Gained mutation: Your body has grown many eyes which may
                  | confuse attackers. (Acc +5) [Jiyva's grace]
  8535 | D:12     | Gained mutation: Your body is covered in eyes which may
                  | confuse attackers. (Acc +7, SInv) [Jiyva's grace]
  8542 | D:12     | Reached skill level 10 in Shields
  9150 | D:13     | Noticed a two-headed ogre
  9152 | D:13     | Noticed an ogre mage
  9152 | D:13     | Noticed a two-headed ogre
  9154 | D:13     | Noticed a two-headed ogre
  9156 | D:13     | Killed a two-headed ogre
  9156 | D:13     | Noticed a two-headed ogre
  9157 | D:13     | Reached XP level 12. HP: 96/107 MP: 11/11
  9166 | D:13     | Noticed Nessos
  9169 | D:13     | Noticed a centaur warrior
  9202 | Orc:1    | Entered Level 1 of the Orcish Mines
  9277 | Orc:2    | Entered Level 2 of the Orcish Mines
  9289 | Orc:2    | Reached skill level 14 in Axes
  9475 | Orc:2    | Found Gaba's Book Emporium.
  9557 | Orc:2    | Noticed an orc high priest
  9569 | Orc:2    | Killed an orc high priest
  9649 | Orc:2    | Noticed an orc high priest
  9659 | Orc:2    | Killed an orc high priest
  9694 | Orc:2    | Lost mutation: Your body is covered in eyes which may
                  | confuse attackers. (Acc +7, SInv) [Jiyva's grace]
  9694 | Orc:2    | Lost mutation: You have a small jelly attached to you that
                  | may absorb projectiles. [Jiyva's grace]
  9694 | Orc:2    | Gained mutation: Your system is resistant to poisons.
                  | (rPois) [Jiyva's grace]
  9694 | Orc:2    | Gained mutation: You have a pair of large horns on your
                  | head. [Jiyva's grace]
  9694 | Orc:2    | Gained mutation: You have sharp toenails. [Jiyva's grace]
  9694 | Orc:2    | Gained mutation: You have razor-sharp toenails. [Jiyva's
                  | grace]
  9704 | Orc:2    | Noticed an orc high priest
  9724 | Orc:2    | Noticed an orc high priest
  9725 | Orc:2    | Killed an orc high priest
  9731 | Orc:2    | Found Mutaymap's Antique Weapon Shoppe.
  9735 | Orc:2    | Killed an orc high priest
  9763 | Orc:2    | Found Maaro's Armour Boutique.
  9896 | Orc:2    | Found a staircase to the Elven Halls.
 10072 | Orc:2    | Found Liq Foc's General Store.
 10072 | Orc:2    | Noticed an orc high priest
 10077 | Orc:2    | Killed an orc high priest
 10094 | Orc:2    | Bought a potion of heal wounds for 55 gold pieces
 10098 | Orc:2    | Found Kaoteera's Magic Scroll Shoppe.
 10098 | Orc:2    | Noticed an orc high priest
 10098 | Orc:2    | Noticed an orc high priest
 10104 | Orc:2    | Killed an orc high priest
 10119 | Orc:2    | HP: 5/108 [ice devil[an orc high priest] (16)]
 10120 | Orc:2    | Killed an orc high priest
 10392 | Orc:1    | Noticed a two-headed ogre
 10402 | Orc:1    | Killed a two-headed ogre
 10403 | Orc:1    | Reached skill level 15 in Axes
 10996 | Lair:1   | Entered Level 1 of the Lair of Beasts
 11088 | Lair:1   | Noticed a boulder beetle
 11098 | Lair:1   | Killed a boulder beetle
 11149 | Lair:1   | Lost mutation: Your mind is very acute. (Int +8, Str/Dex
                  | -2) [Jiyva's grace]
 11149 | Lair:1   | Lost mutation: Your mind is acute. (Int +4, Str/Dex -1)
                  | [Jiyva's grace]
 11149 | Lair:1   | Lost mutation: Your system is resistant to poisons. (rPois)
                  | [Jiyva's grace]
 11149 | Lair:1   | Lost mutation: Armour fits poorly on your pseudopods.
                  | [Jiyva's grace]
 11149 | Lair:1   | Gained mutation: You are strong-willed. (Will+) [Jiyva's
                  | grace]
 11149 | Lair:1   | Gained mutation: You are highly strong-willed. (Will++)
                  | [Jiyva's grace]
 11149 | Lair:1   | Gained mutation: You are extremely strong-willed. (Will+++)
                  | [Jiyva's grace]
 11149 | Lair:1   | Gained mutation: Your system is resistant to poisons.
                  | (rPois) [Jiyva's grace]
 11251 | Lair:1   | You fall into a shaft and drop 1 floor!
 11367 | Lair:2   | Noticed Amaemon
 11375 | Lair:2   | Reached XP level 13. HP: 116/116 MP: 12/12
 11384 | Lair:2   | Killed Amaemon
 11464 | Lair:2   | Reached skill level 10 in Dodging
 11691 | Lair:2   | Found a dark tunnel.
 11700 | Volcano  | Entered a volcano
 11842 | Volcano  | Reached skill level 16 in Axes
 12177 | Lair:3   | Found a staircase to the Snake Pit.
 12826 | Lair:3   | Found a staircase to the Shoals.
 13011 | Lair:3   | Lost mutation: You are extremely strong-willed. (Will+++)
                  | [Jiyva's grace]
 13011 | Lair:3   | Lost mutation: You are highly strong-willed. (Will++)
                  | [Jiyva's grace]
 13011 | Lair:3   | Lost mutation: Your system is resistant to poisons. (rPois)
                  | [Jiyva's grace]
 13011 | Lair:3   | Gained mutation: You possess an exceptional clarity of
                  | mind. [Jiyva's grace]
 13011 | Lair:3   | Gained mutation: You have a somewhat thin skeletal
                  | structure. (Dex +2, Stealth+) [Jiyva's grace]
 13011 | Lair:3   | Gained mutation: You have a moderately thin skeletal
                  | structure. (Dex +4, Stealth++) [Jiyva's grace]
 13011 | Lair:3   | Gained mutation: You have an unnaturally thin skeletal
                  | structure. (Dex +6, Stealth+++) [Jiyva's grace]
 13563 | Lair:4   | Found a runed translucent door.
 13803 | Lair:4   | Found a staircase to the Slime Pits.
 14188 | Lair:5   | Entered Level 5 of the Lair of Beasts
 14209 | Lair:5   | Reached skill level 17 in Axes
 14216 | Lair:5   | Reached XP level 14. HP: 103/127 MP: 13/13
 14889 | Lair:5   | Lost mutation: You are completely covered in iridescent
                  | scales. (AC +6) [Jiyva's grace]
 14889 | Lair:5   | Lost mutation: You have an unnaturally thin skeletal
                  | structure. (Dex +6, Stealth+++) [Jiyva's grace]
 14889 | Lair:5   | Gained mutation: Your rubbery body absorbs attacks. (AC +1,
                  | EV +1) [Jiyva's grace]
 14889 | Lair:5   | Gained mutation: Your pliable body absorbs attacks. (AC +2,
                  | EV +2) [Jiyva's grace]
 14889 | Lair:5   | Gained mutation: Your gelatinous body deflects attacks. (AC
                  | +3, EV +3) [Jiyva's grace]
 14889 | Lair:5   | Gained mutation: You are completely covered in iridescent
                  | scales. (AC +6) [Jiyva's grace]
 15586 | D:13     | Reached skill level 18 in Axes
 15619 | D:13     | Killed Nessos
 15759 | D:13     | Noticed Azrael
 15778 | D:13     | Killed Azrael
 16259 | D:14     | Reached XP level 15. HP: 68/137 MP: 14/14
 16269 | D:14     | Found a gate to the Vaults.
 16336 | D:14     | Found an opulent altar of Gozag.
 16944 | D:15     | Entered Level 15 of the Dungeon
 16944 | D:15     | Lost mutation: You are completely covered in iridescent
                  | scales. (AC +6) [Jiyva's grace]
 16944 | D:15     | Lost mutation: You have a moderately thin skeletal
                  | structure. (Dex +4, Stealth++) [Jiyva's grace]
 16944 | D:15     | Lost mutation: You possess an exceptional clarity of mind.
                  | [Jiyva's grace]
 16944 | D:15     | Lost mutation: Your gelatinous body deflects attacks. (AC
                  | +3, EV +3) [Jiyva's grace]
 16944 | D:15     | Lost mutation: Your pliable body absorbs attacks. (AC +2,
                  | EV +2) [Jiyva's grace]
 16944 | D:15     | Gained mutation: Your mind is acute. (Int +4, Str/Dex -1)
                  | [Jiyva's grace]
 16944 | D:15     | Gained mutation: Your mind is very acute. (Int +8, Str/Dex
                  | -2) [Jiyva's grace]
 16944 | D:15     | Gained mutation: You have a small jelly attached to you
                  | that may absorb projectiles. [Jiyva's grace]
 16944 | D:15     | Lost mutation: You have razor-sharp toenails. [Jiyva's
                  | grace]
 16944 | D:15     | Lost mutation: You have sharp toenails. [Jiyva's grace]
 16944 | D:15     | Gained mutation: You have large cloven feet. [Jiyva's
                  | grace]
 17110 | D:15     | Noticed an azure jelly
 17151 | D:15     | Found a frozen archway.
 17161 | D:15     | Reached skill level 19 in Axes
 17167 | IceCv    | Entered an ice cave
 18307 | D:15     | Found a staircase to the Depths.
 18852 | Shoals:4 | Identified the "Xofeses"
 18852 | WizLab   | Identified the of Zuuruall
 18852 | Crypt:3  | Identified the "Xizefa"
 18852 | Slime:1  | Entered Level 1 of the Pits of Slime
 18852 | Slime:1  | Noticed an acid blob
 18859 | Slime:2  | Noticed an acid blob
 18867 | Slime:3  | Noticed an azure jelly
 18869 | Slime:4  | Noticed a rockslime
 18874 | Slime:5  | Identified the "Fudeikla"
 18874 | Slime:5  | Identified the "Naucic"
 18874 | Slime:5  | Entered Level 5 of the Pits of Slime
 18932 | Slime:5  | Noticed a rockslime
 18960 | Slime:5  | Noticed an acid blob
 18970 | Slime:5  | Found a viscous altar of Jiyva.
 18971 | Slime:5  | Noticed an acid blob
 18972 | Slime:5  | Found the +3 greatsling "Punk" {acid, rCorr}
 18972 | Slime:5  | Noticed the Royal Jelly
 18982 | Slime:5  | Got a slimy rune of Zot
 18983 | Slime:5  | Noticed an acid blob
 18985 | Slime:5  | Identified the +4 morningstar "Veibriu" {spect, rN+ Str+2
                  | Dex+2}
 18999 | Slime:5  | Identified the staff of Malum Prohibitum {Dex+2 Conj}
 19000 | Slime:5  | Identified the +6 great sword of Sut Qidu {spect, +Blink
                  | Str+2 Stlth+}
 19004 | Slime:5  | Identified the +2 robe of the Eternal Fruit {rCorr Str+2}
 19008 | Slime:5  | Noticed an acid blob
 19009 | Slime:5  | Noticed a rockslime
 19021 | Slime:5  | Noticed a rockslime
 19043 | Slime:5  | Noticed a rockslime
 19131 | Slime:5  | Noticed an acid blob
 19279 | Slime:5  | Noticed an acid blob
 19283 | Slime:5  | Identified the +7 war axe of Jaluoss {vamp, *Rage rF+ SInv}
 19285 | Slime:5  | Identified the ring of Piliw {rCorr Str+3 Int+2}
 19310 | Slime:5  | Identified the +0 pair of gloves "Bewkoig" {+Inv rF- rN++
                  | Dex+3}
 19317 | Slime:5  | Identified the ring of Dine {rPois rC+ rCorr Dex+5}
 19417 | Slime:5  | Noticed a rockslime
 19655 | Slime:5  | Noticed an acid blob
 19735 | Slime:2  | Noticed a rockslime
 19799 | Snake:1  | Entered Level 1 of the Snake Pit
 19799 | Snake:1  | Found Hethruog's Tiny Tomes.
 19833 | Snake:1  | Found Lant's Specific Store.
 19836 | Snake:1  | Found Reskua's General Store.
 20898 | Snake:2  | Lost mutation: Your mind is very acute. (Int +8, Str/Dex
                  | -2) [Jiyva's grace]
 20898 | Snake:2  | Lost mutation: You have a small jelly attached to you that
                  | may absorb projectiles. [Jiyva's grace]
 20898 | Snake:2  | Gained mutation: Your pliable body absorbs attacks. (AC +2,
                  | EV +2) [Jiyva's grace]
 20898 | Snake:2  | Gained mutation: Your gelatinous body deflects attacks. (AC
                  | +3, EV +3) [Jiyva's grace]
 20898 | Snake:2  | Lost mutation: You have large cloven feet. [Jiyva's grace]
 20898 | Snake:2  | Gained mutation: You have sharp toenails. [Jiyva's grace]
 20898 | Snake:2  | Gained mutation: You have razor-sharp toenails. [Jiyva's
                  | grace]
 21580 | Snake:2  | Noticed a nagaraja
 21586 | Snake:2  | Killed a nagaraja
 21595 | Snake:2  | Reached skill level 20 in Axes
 22144 | Snake:3  | Reached XP level 16. HP: 147/147 MP: 15/15
 22146 | Snake:3  | Noticed Aizul
 22165 | Snake:3  | Killed Aizul
 22166 | Snake:3  | Reached skill level 15 in Fighting
 22171 | Snake:3  | Reached skill level 15 in Armour
 22271 | Snake:3  | Noticed Vashnia
 22310 | Snake:3  | Killed Vashnia
 22343 | Snake:3  | Noticed Kirke
 22819 | Snake:3  | Found Pifoc's Antique Armour Emporium.
 23466 | Snake:4  | Entered Level 4 of the Snake Pit
 23528 | Snake:4  | Reached skill level 15 in Shields
 23591 | Snake:4  | Found Uvaerr's Jewellery Shop.
 23633 | Snake:4  | Found Femaiz's Book Emporium.
 23634 | Snake:4  | Found Zineonada's Jewellery Shop.
 23817 | Snake:4  | Lost mutation: You have a pair of large horns on your head.
                  | [Jiyva's grace]
 23817 | Snake:4  | Lost mutation: You are mostly covered in iridescent scales.
                  | (AC +4) [Jiyva's grace]
 23817 | Snake:4  | Gained mutation: You are covered in slimy tendrils that may
                  | disarm your opponents. [Jiyva's grace]
 23817 | Snake:4  | Gained mutation: You have a small jelly attached to you
                  | that senses nearby items. [Jiyva's grace]
 23817 | Snake:4  | Gained mutation: You have sharp fingernails. [Jiyva's
                  | grace]
 23817 | Snake:4  | Gained mutation: You have very sharp fingernails. [Jiyva's
                  | grace]
 23827 | Snake:4  | Found Oha Mor's Armour Emporium.
 24170 | Snake:4  | Noticed Louise
 24192 | Abyss:2  | Cast into level 2 of the Abyss (Louise)
 24495 | Abyss:2  | Noticed a tentacled starspawn
 24497 | Abyss:2  | Gained mutation: You are frail. (-10% HP) [a neqoxec]
 24500 | Abyss:2  | Found a corrupted altar of Lugonu.
 24513 | Abyss:2  | Killed a tentacled starspawn
 24514 | Abyss:2  | Reached skill level 21 in Axes
 24549 | Abyss:2  | Found a corrupted altar of Lugonu.
 24622 | Snake:4  | Escaped the Abyss
 24632 | Snake:4  | Killed Louise
 24803 | Snake:4  | Mangled by a nagaraja

Illustrated notes

Levels and vault maps discovered:
D:1:      spicycebolla_arrival_transporter_tutorial, layout_basic,
          dk_noncrumbling_4, minmay_misc_feat_diagonals, st_stairs_5,
          hangedman_abyss_or_decor_lesser_grid, serial_bayou_pond_a
D:2:      layout_basic
D:3:      layout_basic, uniq_ijyb, uniq_grinder
D:4:      layout_rooms, cheibrodos_ashenzari_chains, nzn_wu_jian_contemplation,
          cheibrodos_sewer_entry_sluice
D:5:      layout_rooms, minmay_temple_entry_ruins, ebering_ghost_reflecting_pool
D:6:      layout_loops_corners
D:7:      layout_loops_cross, nicolae_overflow_hidden_temple, uniq_jeremiah
D:8:      layout_basic, serial_shops, nicolae_diamond_shop, shop,
          nicolae_shop_hallway_plus, shop, uniq_pikel
D:9:      lemuel_ice_spiral_2, layout_irregular_city,
          grunt_temple_overflow_order_and_chaos_2, david_lair_generic
D:10:     layout_stronghold, mainiacjoe_overflow_24_doors, uniq_erolcha
D:11:     layout_roguey, nrook_mini_backslash
D:12:     layout_loops_ring, orc_0_dummy
D:13:     layout_irregular_city, uniq_nessos, uniq_azrael
D:14:     layout_basic, erik_vaults_1, grunt_gozag_breadcrumbs
D:15:     gammafunk_enter_depths_forms, layout_irregular_city,
          minmay_misc_feat_more_columns, serial_ice, serial_ice_a, serial_ice_c,
          serial_ice_n, serial_ice_m, serial_ice_o, serial_ice_d, serial_ice_g,
          serial_ice_l, serial_ice_h, serial_ice_f,
          portal_ice_cave_entry_frozen_things
Lair:1:   layout_gridlike
Lair:2:   layout_loops_ring, enter_volcano_2, uniq_amaemon
Lair:3:   layout_loops_ring, elwin_shoals_entry_stream,
          minmay_snake_entry_guardpost_small
Lair:4:   dreamdust_labyrinth, layout_layer_cave,
          nicolae_slime_entry_field_trip, kilobyte_rumbling_trees,
          infiniplex_staircase_pool, lemuel_fruit_tree
Lair:5:   minmay_lair_end_frog_pond, layout_cellular_growth
Snake:1:  layout_grid_maze, chequers_hall_statues_y,
          nicolae_shop_i_like_small_books_too, nicolae_specific_store,
          grunt_megastairs_5
Snake:2:  layout_layer_cave
Snake:3:  layout_concentric_octagons, serial_shops, nicolae_shop_tiny_glass,
          uniq_aizul, uniq_vashnia, uniq_kirke
Snake:4:  minmay_snake_end_coiled, layout_basic, serial_shops, shop,
          minmay_shop_grove, uniq_louise
Slime:1:  layout_caves
Slime:2:  layout_caves
Slime:3:  layout_caves
Slime:4:  layout_caves, basic_altar
Slime:5:  slime_pit_nicolae_block_by_block
Orc:1:    layout_caves, mines3_lemuel
Orc:2:    st_orc_town, layout_caves, serial_shops, shop

Skill      XL: |  1  2  3  4  5  6  7  8  9 10 11 12 13 14 15 16 |
---------------+-------------------------------------------------+-----
Axes           | 3 4 5 6 8 10 12 13 15 17 18 20 21 | 21.4
Fighting       | 4 5 6 8 9 10 11 12 13 14 15 | 15.9
Dodging        | 1 2 3 4 6 7 8 9 10 11 12 13 | 13.8
Shields        | 4 5 6 7 9 10 11 12 13 14 15 | 15.5
Armour         | 4 5 6 8 9 10 11 12 13 14 15 | 15.9

Action                     |  1- 3 |  4- 6 |  7- 9 | 10-12 | 13-15 | 16-18 || total
---------------------------+-------+-------+-------+-------+-------+-------++-------
  Melee: War axe           |    60 |    95 |   213 |   548 |  1058 |   386 ||  2360
         Headbutt          |     9 |    10 |    42 |   128 |   307 |   108 ||   604
         Pseudopods        |       |       |       |    98 |       |       ||    98
         Unarmed           |       |       |       |       |       |     8 ||     8
    Use: Scroll            |       |       |    13 |     8 |     6 |     5 ||    32
         Potion            |       |       |     1 |     2 |     1 |     3 ||     7
   Stab: Confused          |       |       |       |     9 |    47 |    15 ||    71
         Distracted        |       |       |       |     1 |     2 |     4 ||     7
         Sleeping          |       |       |       |       |     9 |     2 ||    11
         Petrifying        |       |       |       |       |     2 |       ||     2
         Paralysed         |       |       |       |       |     2 |       ||     2
 Armour: Scale mail        |    66 |    50 |   119 |       |       |       ||   235
         Acid dragon scale |       |       |    11 |   330 |   478 |   166 ||   985
         Skin              |       |       |       |       |       |    15 ||    15
  Dodge: Dodged            |    37 |    40 |   117 |   275 |   524 |   317 ||  1310
  Block: Buckler           |    17 |    19 |    51 |   116 |     1 |       ||   204
         Kite shield       |       |       |       |    17 |   518 |   200 ||   735
         Tower shield      |       |       |       |       |       |    51 ||    51

Table legend: (Time is in decaauts)
 A = Elapsed time spent in this place.
 B = Non-inter-level travel time spent in this place.
 C = Inter-level travel time spent in this place.
 D = Time resting spent in this place.
 E = Time spent auto-exploring this place.
 F = Levels seen in this place.
 G = Mean time per level.
                   A        B        C        D        E       F      G
               +--------+--------+--------+--------+--------+-----+--------+
         Total |  24845 |  23071 |   1774 |   2664 |  16010 |  36 |  690.1 |
       Dungeon |  11499 |  10852 |    647 |    408 |   8456 |  15 |  766.6 |
          Lair |   4350 |   3714 |    636 |     52 |   2933 |   5 |  870.0 |
     Snake Pit |   4458 |   4278 |    180 |   1193 |   2331 |   4 | 1114.5 |
    Slime Pits |   1023 |    836 |    187 |      0 |    798 |   5 |  204.6 |
  Orcish Mines |   1652 |   1529 |    123 |    176 |   1093 |   2 |  826.0 |
         Abyss |    455 |    455 |      0 |    242 |     53 |   2 |  227.5 |
         Sewer |    303 |    303 |      0 |      0 |    175 |   1 |  303.0 |
      Ice Cave |    873 |    873 |      0 |    593 |     12 |   1 |  873.0 |
       Volcano |    229 |    229 |      0 |      0 |    159 |   1 |  229.0 |
               +--------+--------+--------+--------+--------+-----+--------+

Top non-repeatable levels by time:
 Snake:2: 1493 daAuts
  Lair:5: 1197 daAuts
     D:3: 1175 daAuts
 Snake:3: 1171 daAuts
    D:10: 1100 daAuts
   Orc:2: 1066 daAuts
  Lair:4: 988 daAuts
 Snake:4: 948 daAuts
 Slime:5: 930 daAuts
     D:9: 920 daAuts
     D:6: 894 daAuts
   IceCv: 873 daAuts
 Snake:1: 845 daAuts
  Lair:3: 838 daAuts
     D:2: 819 daAuts
